AoeStats
← gnitaek

Nomad

503216479Analyzed
2v2 RM · 1mo ago on Aug 30, 2026· 53m 26s· 4 players
Game mode
Random Map
Map size
176×176
Population
200
Speed
Normal
Resources
Standard
Victory
Conquest
Starting age
Dark Age
Ending age
Imperial Age
RankedLock teamsTeams togetherTeam positionsShared explorationLock speedFull tech treeHidden civsTurbo modeCheats
Victory
Defeat
🇮🇪 Koreans · Ireland
1220
+13
🇮🇪 Persians · Ireland
1177
+15
🇨🇿 Wu · Czechia
1298
-20
🇨🇿 Persians · Czechia
1031
-9
Drydaitas
5:08 Loom
13:38 Feudal Age
14:04 Double-Bit Axe
14:41 Double-Bit Axe
17:25 Castle Age
15:54 Stone Mining
15:53 Fishing Lines
16:17 Fletching
16:20 Horse Collar
16:36 Gold Mining
18:58 Bow Saw
19:30 Wheelbarrow
22:18 Ballistics
22:30 Bodkin Arrow
22:47 Masonry
26:29 Padded Archer Armor
29:45 Leather Archer Armor
32:22 Red Cliffs Tactics
32:20 Town Watch
37:53 Imperial Age
35:18 Horse Collar
36:05 Scale Mail Armor
39:52 Chemistry
39:27 Bracer
40:13 Conscription
40:07 Elite Fire Archer
41:37 Heavy Plow
42:14 Gold Shaft Mining
42:04 Forging
41:56 Squires
42:38 Pikeman
43:38 Chain Mail Armor
44:41 Iron Casting
48:08 Plate Mail Armor
49:04 Halberdier
50:17 Hand Cart
51:12 Arson
54:14 Blast Furnace
Bad Frank
5:52 Loom
13:47 Feudal Age
24:24 Castle Age
23:01 Double-Bit Axe
25:11 Scale Barding Armor
26:57 Bloodlines
28:09 Forging
28:05 Husbandry
29:30 Gold Mining
30:31 Chain Barding Armor
32:22 Medium Warships
33:21 Bow Saw
38:42 Wheelbarrow
39:55 Elite Skirmisher
41:22 Hand Cart
43:23 Murder Holes
46:35 Town Watch
48:17 Iron Casting
51:06 Stone Mining
gnitaek
5:40 Loom
11:40 Feudal Age
13:08 Double-Bit Axe
17:42 Castle Age
16:50 Forging
17:20 Scale Barding Armor
17:39 Bloodlines
19:39 Bow Saw
21:06 Horse Collar
23:47 Chain Barding Armor
25:39 Wheelbarrow
27:35 Iron Casting
28:38 Hand Cart
30:36 Medium Warships
33:28 Imperial Age
32:34 Town Watch
33:34 Husbandry
33:29 Cavalier
35:22 Plate Barding Armor
35:28 Town Patrol
37:14 Blast Furnace
37:52 Gold Mining
39:27 Savar
41:01 Conscription
44:15 Guilds
46:10 Gold Shaft Mining
48:49 Fletching
49:30 Elite War Elephant
berserker-latko
12:50 Feudal Age
13:36 Loom
17:31 Castle Age
18:42 Stone Mining
18:59 Fletching
20:52 Bodkin Arrow
21:13 Fishing Lines
28:04 Gillnets
31:18 Wheelbarrow
30:35 Double-Bit Axe
35:39 Imperial Age
34:38 Masonry
37:33 Imperial Age
36:23 Eupseong
37:46 Scale Mail Armor
39:05 Architecture
38:59 Conscription
38:47 Bracer
39:24 Gold Mining
40:23 Forging
42:38 Chemistry
42:42 Elite War Wagon
44:56 Guilds
44:40 Elite Skirmisher
45:26 Thumb Ring
45:42 Elite Fire Lancer
49:56 Heavy Rocket Cart
51:57 Ballistics
Connection lost

Rejoining the realm…

Still unreachable

The connection could not be restored.

Session expired

The server has moved on; the page needs a fresh start.